 Dungeon Crawl Stone Soup version 0.23-a0-667-gc184e93 (webtiles) character file.

7 MalarOregon the Chiller (level 2, 0/19 HPs)
             Began as a Merfolk Ice Elementalist on Jan 9, 2019.
             Slain by a jackal (1 damage)
             ... on level 1 of the Dungeon.
             The game lasted 00:00:39 (126 turns).

MalarOregon the Chiller (Merfolk Ice Elementalist)   Turns: 126, Time: 00:00:40

Health: 0/19       AC:  2    Str:  8    XL:     2   Next: 0%
Magic:  0/5        EV: 13    Int: 14    God:
Gold:   16         SH:  0    Dex: 14    Spells: 4/5 levels left

rFire    . . .     SeeInvis .   d - +0 club
rCold    . . .     Gourm    .   (no shield)
rNeg     . . .     Faith    .   a - +0 robe
rPois    .         Spirit   .   (no helmet)
rElec    .         Reflect  .   (no cloak)
rCorr    .         Harm     .   (no gloves)
MR       .....                  (no boots)
Stlth    ++........             (no amulet)
HPRegen  0.06/turn              (no ring)
MPRegen  0.09/turn              (no ring)

@: no status effects
A: change form in water, swift swim, stealthy swim
a: no special abilities


You were on level 1 of the Dungeon.
You were not hungry.

You visited 1 branch of the dungeon, and saw 1 of its levels.

You collected 16 gold pieces.

Inventory:

Hand Weapons
 d - a +0 club (weapon)
   (You took it off a hobgoblin on level 1 of the Dungeon)
Armour
 a - a +0 robe (worn)
Scrolls
 b - a scroll of remove curse {unknown}
Potions
 f - a potion of lignification {unknown}
Comestibles
 c - 4 chunks of flesh
 e - a ration {!d}


   Skills:
 + Level 0.5 Throwing
 + Level 2.9 Dodging
 - Level 2.1 Stealth
 + Level 2.1 Spellcasting
   Level 0.7 Conjurations
 + Level 3.4 Ice Magic


You had 4 spell levels left.
You knew the following spells:

 Your Spells              Type           Power        Failure   Level  Hunger
a - Freeze                Ice            ##..         6%          1    #......

Your spell library contained the following spells:

 Spells                   Type           Power        Failure   Level  Hunger
 Throw Frost              Conj/Ice       #.....       16%         2    ###....
 Ozocubu's Armour         Chrm/Ice       #.......     34%         3    ###....
 Throw Icicle             Conj/Ice       #.......     69%         4    #####..
 Summon Ice Beast         Ice/Summ       #.......     75%         4    #####..


Dungeon Overview and Level Annotations

Branches:
Dungeon (1/15)

Altars:


Message History

The jackal barks! x2; You hear a bark!
A jackal comes into view.
The jackal closely misses you.
Aim: a jackal You freeze the jackal.
The jackal barks!
The jackal barely misses you.
Aim: a jackal (lightly wounded)
You freeze the jackal. The jackal closely misses you.
The jackal barely misses you.
Aim: a jackal (lightly wounded)
You freeze the jackal.
You kill the jackal!
You don't have enough magic to cast that spell.
You hit the jackal.
The jackal bites you but does no damage.
The jackal barely misses you. The jackal closely misses you.
You miss the jackal. The jackal closely misses you. The jackal misses you.
The jackal closely misses you. x2
You miss the jackal. The jackal completely misses you. The jackal bites you.
The jackal bites you but does no damage.
The jackal bites you.
You hit the jackal but do no damage. The jackal bites you.
The jackal closely misses you. The jackal bites you.
The jackal bites you but does no damage.
Unknown command.
You hit the jackal. The jackal bites you.
* * * LOW HITPOINT WARNING * * *
The jackal closely misses you.
You closely miss the jackal.
The jackal bites you but does no damage.
The jackal barely misses you. The jackal bites you.
* * * LOW HITPOINT WARNING * * *
The jackal bites you.
* * * LOW HITPOINT WARNING * * *
You closely miss the jackal. The jackal barely misses you.
The jackal misses you. The jackal bites you.
* * * LOW HITPOINT WARNING * * *
The jackal bites you but does no damage.
Unknown command.
You hit the jackal. The jackal misses you.
The jackal bites you but does no damage.
The jackal closely misses you. The jackal bites you.
* * * LOW HITPOINT WARNING * * *
Aim: a jackal (heavily wounded)
You freeze the jackal.
You kill the jackal!
You have reached level 2!
The jackal bites you.
You die...

######### #....... ###
#......# #.. ......# #.#
..... #.# .h.
########.#######h# #.#
...............#@#...#.
########.#.......†......
.......................
##.####.#.##.##.#...>..
##.####.........#....##
......#.........#.####
#................##...
#.####.##.....>.......
#.....................


You could see 2 jackals.

Vanquished Creatures
  A giant cockroach (D:1)
  2 hobgoblins (D:1)
  2 jackals (D:1)
5 creatures vanquished.

Notes
Turn   | Place    | Note
-------+----------+-------------------------------------------
     0 | D:1      | MalarOregon the Merfolk Ice Elementalist began the quest
                  | for the Orb.
     0 | D:1      | Reached XP level 1. HP: 13/13 MP: 3/3
   126 | D:1      | Reached XP level 2. HP: 1/19 MP: 0/5
   126 | D:1      | Slain by a jackal

Vault maps used:
D:1:      minmay_arrival_pointy

Action                   || total
-------------------------++-------
Melee: Club              ||     9
       Unarmed           ||     8
 Cast: Freeze            ||     8
 Stab: Sleeping          ||     1
Armor: Robe              ||     7
Dodge: Dodged            ||    26

Table legend:
 A = Non-vault XP
 B = Vault XP
 C = Vault XP percentage of total XP
 D = Non-vault monster count
 E = Vault monster count
 F = Vault count percentage of total count
                 A         B        C        D         E       F
            +---------+---------+-------+---------+---------+-------
      Total |      10 |       0 |   0.0 |       5 |       0 |   0.0
            +---------+---------+-------+---------+---------+-------
        D:1 |      10 |       0 |   0.0 |       5 |       0 |   0.0
            +---------+---------+-------+---------+---------+-------
